TOP OF THE 1ST |
Indianapolis Racers batting - Pitching for Pennsauken Flyers : RHP Al Gagne
|
Pitching: RHP Al Gagne
|
|
Batting: LHB Roberto Vázquez
|
0-0: Called Strike 0-1: Called Strike 0-2: Foul Ball, location: 2F 0-2: Ball 1-2: Strikes out swinging
|
Batting: RHB Roberto Vázquez
|
0-0: Called Strike 0-1: Ball 1-1: Ground out 5-3 (Groundball, 56, EV 85.6 MPH)
|
Batting: RHB Mathew Mayo
|
0-0: Foul Ball, location: 2F 0-1: Called Strike 0-2: Reached on error, E6 (Groundball, 6, EV 111.2 MPH)
|
Batting: LHB Pedro Gutiérrez
|
0-0: Fly out, F8 (Flyball, 8RM, EV 83.8 MPH)
|
Top of the 1st over - 0 runs, 0 hits, 1 error, 1 left on base; Indianapolis 0 - Pennsauken 0 |
BOTTOM OF THE 1ST |
Pennsauken Flyers batting - Pitching for Indianapolis Racers : RHP Jeff Merritt
|
Pitching: RHP Jeff Merritt
|
|
Batting: LHB Rafael Barrueco
|
0-0: SINGLE (Groundball, 4MD, EV 110.6 MPH)
|
Batting: SHB Félix Medina
|
0-0: Ball 1-0: Ball 2-0: Ball 3-0: Base on Balls Rafael Barrueco to second
|
Batting: RHB José Ortega
|
0-0: Called Strike 0-1: 3-RUN HOME RUN (Flyball, 78XD, EV 105.0 MPH), Distance : 408 ft
|
Batting: LHB Lorenzo Trujillo
|
0-0: Ball 1-0: Ball 2-0: Called Strike 2-1: Ball 3-1: Swinging Strike 3-2: Strikes out swinging
|
Batting: LHB Felipe Dávila
|
0-0: Swinging Strike 0-1: Foul Ball, location: 2F 0-2: Strikes out looking
|
Batting: LHB Juan Gutiérrez
|
0-0: Ball 1-0: Swinging Strike 1-1: Ground out U3 (Groundball, 3L, EV 98.8 MPH)
|
Bottom of the 1st over - 3 runs, 2 hits, 0 errors, 0 left on base; Indianapolis 0 - Pennsauken 3 |
TOP OF THE 2ND |
Indianapolis Racers batting - Pitching for Pennsauken Flyers : RHP Al Gagne
|
Batting: SHB Esteban Piñeiro
|
0-0: SINGLE (Line Drive, 7S, EV 96.2 MPH)
|
Batting: RHB Axel Ruschmeyer
|
0-0: Ball Esteban Piñeiro steals 2nd base (no throw) 1-0: Ball 2-0: Called Strike 2-1: Ball 3-1: SINGLE (Groundball, 6D, EV 99.4 MPH) Esteban Piñeiro to third Runner from 3rd tries for Home, SAFE, no throw by CF
|
Batting: RHB Yu-shu Tseng
|
0-0: Called Strike 0-1: Ball 1-1: Foul Ball, location: 2F 1-2: Ball 2-2: Fly out, F8 (Flyball, 8LM, EV 91.9 MPH)
|
Batting: RHB Jong-beom Chang
|
0-0: Ball Axel Ruschmeyer is caught stealing 2nd base 2-4 1-0: Called Strike 1-1: Reached on error, E4 (Groundball, 4, EV 78.8 MPH)
|
Batting: RHB Dale Epner
|
0-0: Ball Wild Pitch! Jong-beom Chang to third 1-0: Called Strike 1-1: Ball 2-1: Foul Ball, location: 2F 2-2: Foul Ball, location: 2F 2-2: DOUBLE (Line Drive, 89M, EV 110.6 MPH) Jong-beom Chang scores
|
Batting: LHB Roberto Vázquez
|
0-0: Ball 1-0: Ball 2-0: Swinging Strike 2-1: Foul Ball, location: 2F 2-2: Ball 3-2: Foul Ball, location: 2F 3-2: Single, Error in OF, E7, batter to second base (Groundball, 56D, EV 99.4 MPH) Dale Epner scores
|
Batting: RHB Roberto Vázquez
|
0-0: Ball 1-0: Ball 2-0: Foul Ball, location: 2F 2-1: Swinging Strike 2-2: Ground out 6-3 (Groundball, 6, EV 88.8 MPH)
|
Top of the 2nd over - 3 runs, 4 hits, 2 errors, 1 left on base; Indianapolis 3 - Pennsauken 3 |
BOTTOM OF THE 2ND |
Pennsauken Flyers batting - Pitching for Indianapolis Racers : RHP Jeff Merritt
|
Batting: LHB Michael Cochran
|
0-0: Called Strike 0-1: Fly out, F9 (Flyball, 9D, EV 81.9 MPH)
|
Batting: LHB Will Lee
|
0-0: Ball 1-0: Fly out, F8 (Flyball, 8RD, EV 100.0 MPH)
|
Batting: RHB Juan Mata
|
0-0: Ball 1-0: Foul Ball, location: 2F 1-1: Ground out 5-3 (Groundball, 5L, EV 85.0 MPH)
|
Bottom of the 2nd over - 0 runs, 0 hits, 0 errors, 0 left on base; Indianapolis 3 - Pennsauken 3 |
TOP OF THE 3RD |
Indianapolis Racers batting - Pitching for Pennsauken Flyers : RHP Al Gagne
|
Batting: RHB Mathew Mayo
|
0-0: Called Strike 0-1: Fly out, F9 (Flyball, 9S, EV 85.0 MPH)
|
Batting: LHB Pedro Gutiérrez
|
0-0: Ball 1-0: Foul Ball, location: 2F 1-1: SOLO HOME RUN (Flyball, 89XD, EV 93.1 MPH), Distance : 389 ft
|
Batting: SHB Esteban Piñeiro
|
0-0: Called Strike 0-1: Ball 1-1: Foul Ball, location: 2F 1-2: Foul Ball, location: 2F 1-2: Ball 2-2: Ball 3-2: Strikes out looking
|
Batting: RHB Axel Ruschmeyer
|
0-0: Ball 1-0: Called Strike 1-1: Foul Ball, location: 2F 1-2: Ball 2-2: Foul Ball, location: 2F 2-2: Fly out, F7 (Flyball, 7LMF, EV 79.4 MPH)
|
Top of the 3rd over - 1 run, 1 hit, 0 errors, 0 left on base; Indianapolis 4 - Pennsauken 3 |
BOTTOM OF THE 3RD |
Pennsauken Flyers batting - Pitching for Indianapolis Racers : RHP Jeff Merritt
|
Batting: LHB Rafael Barrueco
|
0-0: Called Strike 0-1: Ball 1-1: Swinging Strike 1-2: Foul Ball, location: 2F 1-2: Foul Ball, location: 2F 1-2: Ball 2-2: Fly out, F8 (Flyball, 8LXD, EV 99.4 MPH)
|
Batting: SHB Félix Medina
|
0-0: Ball 1-0: Ball 2-0: Fly out, F7 (Flyball, 7S, EV 90.0 MPH)
|
Batting: RHB José Ortega
|
0-0: Ball 1-0: Fly out, F3 (Line Drive, 3, EV 72.5 MPH)
|
Bottom of the 3rd over - 0 runs, 0 hits, 0 errors, 0 left on base; Indianapolis 4 - Pennsauken 3 |
TOP OF THE 4TH |
Indianapolis Racers batting - Pitching for Pennsauken Flyers : RHP Al Gagne
|
Batting: RHB Yu-shu Tseng
|
0-0: Ball 1-0: Called Strike 1-1: Ball 2-1: Ball 3-1: Foul Ball, location: 2F 3-2: Base on Balls
|
Batting: RHB Jong-beom Chang
|
0-0: Called Strike 0-1: SINGLE (Groundball, 34D, EV 94.4 MPH) Yu-shu Tseng to second Runner from 2nd tries for 3rd, SAFE, throw by RF made to third
|
Batting: RHB Dale Epner
|
0-0: Ball 1-0: Called Strike 1-1: Ground out 5-3 (Groundball, 5S, EV 66.2 MPH) Yu-shu Tseng scores Jong-beom Chang to second
|
Batting: LHB Roberto Vázquez
|
0-0: Fly out, F7 (Flyball, 7D, EV 100.0 MPH)
|
Batting: RHB Roberto Vázquez
|
0-0: Ball 1-0: Swinging Strike 1-1: Ball 2-1: Swinging Strike 2-2: Strikes out looking
|
Top of the 4th over - 1 run, 1 hit, 0 errors, 1 left on base; Indianapolis 5 - Pennsauken 3 |
BOTTOM OF THE 4TH |
Pennsauken Flyers batting - Pitching for Indianapolis Racers : RHP Jeff Merritt
|
Batting: LHB Lorenzo Trujillo
|
0-0: Ball 1-0: Called Strike 1-1: Swinging Strike 1-2: Strikes out swinging
|
Batting: LHB Felipe Dávila
|
0-0: Foul Ball, location: 2F 0-1: Fly out, F4 (Line Drive, 4, EV 66.2 MPH)
|
Batting: LHB Juan Gutiérrez
|
0-0: Ball 1-0: Ball 2-0: Called Strike 2-1: Ball 3-1: Foul Ball, location: 2F 3-2: SINGLE (Groundball, 34S, EV 70.0 MPH) (infield hit)
|
Batting: LHB Michael Cochran
|
0-0: Ball 1-0: Ball 2-0: Fly out, F9 (Line Drive, 9, EV 96.2 MPH)
|
Bottom of the 4th over - 0 runs, 1 hit, 0 errors, 1 left on base; Indianapolis 5 - Pennsauken 3 |
TOP OF THE 5TH |
Indianapolis Racers batting - Pitching for Pennsauken Flyers : RHP Al Gagne
|
Batting: RHB Mathew Mayo
|
0-0: Called Strike 0-1: Swinging Strike 0-2: Strikes out swinging
|
Batting: LHB Pedro Gutiérrez
|
0-0: Ball 1-0: Ball 2-0: Foul Ball, location: 2F 2-1: Swinging Strike 2-2: Fly out, F8 (Flyball, 8LD, EV 86.2 MPH)
|
Batting: SHB Esteban Piñeiro
|
0-0: Ball 1-0: Ball 2-0: Foul Ball, location: 2F 2-1: Called Strike 2-2: Ball 3-2: SINGLE (Line Drive, 6M, EV 97.5 MPH)
|
Batting: RHB Axel Ruschmeyer
|
0-0: Ball 1-0: Called Strike 1-1: Ball 2-1: SINGLE (Line Drive, 6D, EV 103.8 MPH) Esteban Piñeiro to second
|
Batting: RHB Yu-shu Tseng
|
0-0: Called Strike 0-1: Called Strike 0-2: Ball 1-2: Fly out, F8 (Flyball, 8RS, EV 86.2 MPH)
|
Top of the 5th over - 0 runs, 2 hits, 0 errors, 2 left on base; Indianapolis 5 - Pennsauken 3 |
BOTTOM OF THE 5TH |
Pennsauken Flyers batting - Pitching for Indianapolis Racers : RHP Jeff Merritt
|
Batting: LHB Will Lee
|
0-0: Called Strike 0-1: Ball 1-1: Called Strike 1-2: Ball 2-2: Ball 3-2: Foul Ball, location: 2F 3-2: Foul Ball, location: 2F 3-2: Ground out U3 (Groundball, 3, EV 84.4 MPH)
|
Batting: RHB Juan Mata
|
0-0: Foul Ball, location: 2F 0-1: Foul Ball, location: 2F 0-2: Foul Ball, location: 2F 0-2: Fly out, F8 (Flyball, 89M, EV 74.4 MPH)
|
Batting: LHB Rafael Barrueco
|
0-0: Called Strike 0-1: Ball 1-1: Swinging Strike 1-2: Foul Ball, location: 2F 1-2: Ball 2-2: Ground out 3-1 (Groundball, 34, EV 80.0 MPH)
|
Bottom of the 5th over - 0 runs, 0 hits, 0 errors, 0 left on base; Indianapolis 5 - Pennsauken 3 |
TOP OF THE 6TH |
Indianapolis Racers batting - Pitching for Pennsauken Flyers : RHP Al Gagne
|
Pitching: LHP Ben Olsen
|
|
Batting: RHB Jong-beom Chang
|
0-0: Ball 1-0: Ball 2-0: Ball 3-0: Called Strike 3-1: Foul Ball, location: 2F 3-2: Foul Ball, location: 2F 3-2: Foul Ball, location: 2F 3-2: Base on Balls
|
Batting: RHB Dale Epner
|
0-0: Bunted foul 0-1: Sac Bunt to 5S - play at first, batter OUT! 5-4 Jong-beom Chang to second
|
Batting: LHB Roberto Vázquez
|
0-0: Fly out, F5 (Popup, 5F, EV 80.0 MPH)
|
Batting: RHB Roberto Vázquez
|
0-0: Ball 1-0: Called Strike 1-1: Swinging Strike 1-2: Foul Ball, location: 2F 1-2: Ball 2-2: Ball 3-2: Base on Balls
|
Batting: RHB Mathew Mayo
|
0-0: Swinging Strike 0-1: Ball Wild Pitch! Jong-beom Chang to third Roberto Vázquez to second 1-1: Ball 2-1: Foul Ball, location: 2F 2-2: Ball 3-2: Base on Balls
|
Batting: LHB Pedro Gutiérrez
|
0-0: Fly out, F9 (Flyball, 9D, EV 88.8 MPH)
|
Top of the 6th over - 0 runs, 0 hits, 0 errors, 3 left on base; Indianapolis 5 - Pennsauken 3 |
BOTTOM OF THE 6TH |
Pennsauken Flyers batting - Pitching for Indianapolis Racers : RHP Jeff Merritt
|
Pitching: LHP Kieran Long
|
|
Batting: SHB Félix Medina
|
0-0: Ball 1-0: Ball 2-0: Foul Ball, location: 2F 2-1: Called Strike 2-2: Ball 3-2: Foul Ball, location: 2F 3-2: SINGLE (Groundball, 56D, EV 106.9 MPH)
|
Batting: RHB José Ortega
|
0-0: Called Strike 0-1: Foul Ball, location: 2F 0-2: Strikes out swinging
|
Batting: LHB Lorenzo Trujillo
|
0-0: Ball 1-0: Swinging Strike 1-1: Ball 2-1: Foul Ball, location: 2F 2-2: Foul Ball, location: 2F 2-2: Strikes out swinging
|
Batting: LHB Felipe Dávila
|
0-0: Ball 1-0: SINGLE (Flyball, 89M, EV 93.8 MPH) Félix Medina to second Runner from 2nd tries for 3rd, SAFE, throw by CF made to third
|
Batting: LHB Juan Gutiérrez
|
0-0: Ball 1-0: Called Strike 1-1: Ball 2-1: Foul Ball, location: 2F 2-2: Fielders Choice at 2nd, 6-4 (Groundball, 6, EV 80.6 MPH)
|
Bottom of the 6th over - 0 runs, 2 hits, 0 errors, 2 left on base; Indianapolis 5 - Pennsauken 3 |
TOP OF THE 7TH |
Indianapolis Racers batting - Pitching for Pennsauken Flyers : LHP Ben Olsen
|
Batting: SHB Esteban Piñeiro
|
0-0: Foul Ball, location: 2F 0-1: Ball 1-1: Ball 2-1: Ball 3-1: Called Strike 3-2: Strikes out swinging
|
Batting: RHB Axel Ruschmeyer
|
0-0: Ball 1-0: Called Strike 1-1: Ball 2-1: DOUBLE (Line Drive, 9LM, EV 93.8 MPH)
|
Pitching: RHP Bill Tench
|
|
Batting: RHB Yu-shu Tseng
|
0-0: Foul Ball, location: 2F Balk! Axel Ruschmeyer to third 0-1: Called Strike 0-2: Strikes out swinging
|
Batting: RHB Jong-beom Chang
|
0-0: Ball 1-0: Ball 2-0: Ball 3-0: Base on Balls
|
Batting: RHB Dale Epner
|
0-0: Ball 1-0: Called Strike 1-1: Swinging Strike 1-2: Ball 2-2: Strikes out swinging
|
Top of the 7th over - 0 runs, 1 hit, 0 errors, 2 left on base; Indianapolis 5 - Pennsauken 3 |
BOTTOM OF THE 7TH |
Pennsauken Flyers batting - Pitching for Indianapolis Racers : LHP Kieran Long
|
Batting: LHB Michael Cochran
|
0-0: Ball 1-0: Called Strike 1-1: Ground out 6-3 (Groundball, 6D, EV 111.2 MPH)
|
Batting: LHB Will Lee
|
0-0: Swinging Strike 0-1: Called Strike 0-2: Ball 1-2: Ground out 4-3 (Groundball, 4, EV 85.0 MPH)
|
Batting: RHB Juan Mata
|
0-0: Called Strike 0-1: Foul Ball, location: 2F 0-2: Ground out 5-3 (Groundball, 56, EV 103.1 MPH)
|
Bottom of the 7th over - 0 runs, 0 hits, 0 errors, 0 left on base; Indianapolis 5 - Pennsauken 3 |
TOP OF THE 8TH |
Indianapolis Racers batting - Pitching for Pennsauken Flyers : RHP Bill Tench
|
Batting: LHB Roberto Vázquez
|
0-0: Ground out U3 (Groundball, 34, EV 99.4 MPH)
|
Batting: RHB Roberto Vázquez
|
0-0: Ground out 6-3 (Groundball, 6, EV 81.2 MPH)
|
Batting: RHB Mathew Mayo
|
0-0: Foul Ball, location: 2F 0-1: Fly out, F2 (Popup, 25F, EV 94.4 MPH)
|
Top of the 8th over - 0 runs, 0 hits, 0 errors, 0 left on base; Indianapolis 5 - Pennsauken 3 |
BOTTOM OF THE 8TH |
Pennsauken Flyers batting - Pitching for Indianapolis Racers : LHP Kieran Long
|
Batting: LHB Rafael Barrueco
|
0-0: Ball 1-0: Called Strike 1-1: Ball 2-1: Ground out 4-3 (Groundball, 34, EV 102.5 MPH)
|
Batting: SHB Félix Medina
|
0-0: Ground out 5-3 (Groundball, 56S, EV 76.2 MPH)
|
Batting: RHB José Ortega
|
0-0: Ball 1-0: Ground out 5-3 (Groundball, 56S, EV 71.9 MPH)
|
Bottom of the 8th over - 0 runs, 0 hits, 0 errors, 0 left on base; Indianapolis 5 - Pennsauken 3 |
TOP OF THE 9TH |
Indianapolis Racers batting - Pitching for Pennsauken Flyers : RHP Bill Tench
|
Batting: LHB Pedro Gutiérrez
|
0-0: Ball 1-0: SINGLE (Line Drive, 78S, EV 86.2 MPH)
|
Pitching: RHP Claudio Martínez
|
|
Batting: SHB Esteban Piñeiro
|
0-0: Called Strike 0-1: Foul Ball, location: 2F 0-2: Ball 1-2: SINGLE (Groundball, 13, EV 73.8 MPH) (infield hit) Pedro Gutiérrez to second
|
Batting: RHB Axel Ruschmeyer
|
0-0: Ball 1-0: Swinging Strike 1-1: Fly out, F8 (Flyball, 8RS, EV 98.1 MPH)
|
Batting: RHB Yu-shu Tseng
|
0-0: Foul Ball, location: 2F 0-1: Ball 1-1: Foul Ball, location: 2F 1-2: Ball 2-2: Strikes out looking
|
Batting: RHB Jong-beom Chang
|
0-0: Called Strike 0-1: Ball 1-1: Called Strike 1-2: Ball 2-2: Strikes out swinging
|
Top of the 9th over - 0 runs, 2 hits, 0 errors, 2 left on base; Indianapolis 5 - Pennsauken 3 |
BOTTOM OF THE 9TH |
Pennsauken Flyers batting - Pitching for Indianapolis Racers : LHP Kieran Long
|
Pitching: RHP Oakland Scanlan
|
|
Batting: LHB Lorenzo Trujillo
|
0-0: Fly out, F9 (Flyball, 9LMF, EV 98.1 MPH)
|
Batting: LHB Felipe Dávila
|
0-0: SINGLE (Line Drive, 78S, EV 108.8 MPH)
|
Batting: LHB Juan Gutiérrez
|
0-0: Called Strike 0-1: Grounds into double play, 5-4-3 (Groundball, 56, EV 88.1 MPH)
|
Bottom of the 9th over - 0 runs, 1 hit, 0 errors, 0 left on base; Indianapolis 5 - Pennsauken 3 |
|